 Dungeon Crawl Stone Soup version 0.31-a0-303-gdc8c9485ea (webtiles) character file.

Game seed: 2727641351910711656

434 garrulousMonolith the Changeling (level 7, 0/56 HPs)
             Began as a Gnoll Shapeshifter on July 16, 2023.
             Slain by a steam dragon (3 damage)
             ... on level 4 of the Dungeon.
             The game lasted 00:03:20 (3590 turns).

garrulousMonolith the Changeling (GnSh)             Turns: 3590, Time: 00:03:20

Health: 0/56       AC:  8    Str: 16    XL:     7   Next: 0%
Magic:  10/10      EV:  9    Int: 13    God:
Gold:   220        SH:  0    Dex: 13    Spells: 10/10 levels left

rFire   . .          .
                       - Unarmed
rCold   . . .        (no shield)
rNeg    . . .        j - +0 chain mail
rPois   .            (helmet currently unavailable)
rElec   .            (cloak currently unavailable)
rCorr   .            (gloves currently unavailable)
SInv    .            (boots currently unavailable)
Will    .....        (no amulet) Stlth
                     i - +6 ring of intelligence
HPRegen 0.29/turn    (no ring)
MPRegen 0.12/turn

%: no passive effects
@: beast-form
A: beast (slay +4), fangs 1, strong nose, distributed training
a: Begin Untransformation


You were on level 4 of the Dungeon.
You were a hulking beast.
You visited 1 branch of the dungeon, and saw 4 of its levels.

You collected 259 gold pieces.
You spent 39 gold pieces at shops.

Inventory:

Armour
 a - a +0 animal skin
 d - a +0 ring mail
 j - a +0 chain mail (worn)
 o - a +2 helmet
Jewellery
 i - a +6 ring of intelligence (left hand)
 l - a +6 ring of strength
 s - a +4 ring of protection
Talismans
 c - a beast talisman
Wands
 t - a wand of paralysis (3)
Scrolls
 e - 5 scrolls of identify
 g - a scroll of amnesia {unknown}
 k - a scroll of noise {unknown}
 q - a scroll of teleportation {unknown}
 r - a scroll of enchant weapon {unknown}
 u - a scroll of poison {unknown}
Potions
 b - 5 potions of lignification
 f - a potion of enlightenment
 h - a potion of mutation {unknown}
 m - 2 potions of ambrosia {unknown}
 n - a potion of degeneration {unknown}
 p - a potion of heal wounds {unknown}


   Skills:
 + Level 5.1 Fighting
 + Level 2.2 Short Blades
 + Level 2.2 Long Blades
 + Level 2.2 Axes
 + Level 2.2 Maces & Flails
 + Level 2.2 Polearms
 + Level 2.2 Staves
 + Level 2.2 Ranged Weapons
 + Level 2.2 Throwing
 + Level 2.2 Armour
 + Level 5.1 Dodging
 + Level 2.2 Stealth
 + Level 2.2 Shields
 + Level 5.1 Unarmed Combat
 + Level 2.2 Spellcasting
 + Level 1.8 Conjurations
 + Level 1.8 Hexes
 + Level 1.8 Summonings
 + Level 1.8 Necromancy
 + Level 1.8 Translocations
 + Level 1.8 Transmutations
 + Level 1.8 Fire Magic
 + Level 1.8 Ice Magic
 + Level 1.8 Air Magic
 + Level 1.8 Earth Magic
 + Level 1.8 Poison Magic
 + Level 2.5 Invocations
 + Level 2.2 Evocations
 + Level 6.8 Shapeshifting


You had 10 spell levels left.
You didn't know any spells.
Your spell library contained the following spells:

 Spells                   Type           Power      Damage    Failure   Level
 Sublimation of Blood     Necr           6%         N/A       92%         2
 Wereblood                Tmut           6%         N/A       92%         2
 Summon Hydra             Summ           3%         N/A       100%        7


Dungeon Overview and Level Annotations

Branches:
Dungeon (4/15)
 Temple: D:4-7

Altars:
Gozag
Zin

Shops:
D:2 !   D:3 (*


Innate Abilities, Weirdness & Mutations

You are a hulking beast.
Your limbs bulge with bestial killing power. (Slay +4)
You have very sharp teeth.
Your uncanny sense of smell can sniff out nearby items.
Your experience applies equally to all skills.


Message History

No target in view!
No target in view!
No target in view!
No target in view!
No target in view!
No target in view!
You are engulfed in a cloud of scalding steam.
You closely miss the steam dragon. The steam dragon breathes steam at you.
The ball of steam misses you.
You hit the steam dragon.
The steam dragon is lightly wounded.
You are engulfed in a cloud of scalding steam.
The steam dragon closely misses you.
The steam dragon claws you but does no damage.
You hit the steam dragon.
The steam dragon is moderately wounded.
You are engulfed in a cloud of scalding steam.
The steam dragon barely misses you. x2
You hit the steam dragon.
You bite the steam dragon, but do no damage.
The steam dragon is heavily wounded.
You are engulfed in a cloud of scalding steam.
The steam dragon barely misses you. The steam dragon claws you.
You hit the steam dragon. Your bite misses the steam dragon.
The steam dragon is severely wounded.
You are engulfed in a cloud of scalding steam.
The steam dragon completely misses you. The steam dragon barely misses you.
You barely miss the steam dragon. Your bite misses the steam dragon.
The steam dragon is severely wounded.
You are engulfed in a cloud of scalding steam.
The steam dragon breathes steam at you. The ball of steam hits you!
* * * LOW HITPOINT WARNING * * *
You hit the steam dragon.
The steam dragon is severely wounded.
You are engulfed in a cloud of scalding steam.
* * * LOW HITPOINT WARNING * * *
The steam dragon barely misses you. The steam dragon claws you.
You die...

### ####### .... ####.....#
..... #........#
......###§§.§....#
......Dh.§§.§....#######
....◑..§.§§.............
...........#...##....... ##
.......###......#.......
...####... #..#'#.#.......
...####........#.#.........
................#.#+#....)..
.........#......#.....#..#..
#.......#.....##.....#..#..


You could see a steam dragon (catching breath).

Vanquished Creatures
  A hound (D:4)
  2 jellies (D:4)
  2 orc priests (D:3)
  Natasha (thrice) (D:2)
  5 gnolls (D:4)
  8 adders
  A dart slug (D:2)
  3 orcs (D:3)
  10 ball pythons
  6 endoplasms
  5 giant cockroaches
  9 goblins
  8 hobgoblins
  A jackal (D:4)
  8 quokkas
  3 bats
  2 frilled lizards
  7 kobolds
  7 rats
91 creatures vanquished.

Notes
Turn   | Place    | Note
-------+----------+-------------------------------------------
     0 | D:1      | garrulousMonolith the Gnoll Shapeshifter began the quest
                  | for the Orb.
     0 | D:1      | Reached XP level 1. HP: 20/20 MP: 1/1
     6 | D:1      | Noticed a scorpion
     6 | D:1      | Noticed a komodo dragon
     6 | D:1      | Noticed a four-headed hydra
     7 | D:1      | Noticed a black mamba
     7 | D:1      | Noticed a polar bear
    77 | D:1      | Reached XP level 2. HP: 22/26 MP: 2/2
   629 | D:2      | Reached XP level 3. HP: 30/31 MP: 3/3
   711 | D:2      | Noticed Natasha
   720 | D:2      | Killed Natasha
   721 | D:2      | Reached skill level 1 in Short Blades
   721 | D:2      | Reached skill level 1 in Long Blades
   721 | D:2      | Reached skill level 1 in Axes
   721 | D:2      | Reached skill level 1 in Maces & Flails
   721 | D:2      | Reached skill level 1 in Polearms
   721 | D:2      | Reached skill level 1 in Staves
   721 | D:2      | Reached skill level 1 in Ranged Weapons
   721 | D:2      | Reached skill level 1 in Throwing
   721 | D:2      | Reached skill level 1 in Armour
   721 | D:2      | Reached skill level 1 in Stealth
   721 | D:2      | Reached skill level 1 in Shields
   721 | D:2      | Reached skill level 1 in Spellcasting
   721 | D:2      | Reached skill level 1 in Invocations
   721 | D:2      | Reached skill level 1 in Evocations
   788 | D:2      | Found Tooff's Distillery.
   898 | D:2      | Bought a potion of curing for 39 gold pieces
   988 | D:2      | Noticed Natasha
   995 | D:2      | Killed Natasha
   996 | D:2      | Reached XP level 4. HP: 29/38 MP: 5/5
  1047 | D:2      | Reached skill level 1 in Conjurations
  1047 | D:2      | Reached skill level 1 in Hexes
  1047 | D:2      | Reached skill level 1 in Summonings
  1047 | D:2      | Reached skill level 1 in Necromancy
  1047 | D:2      | Reached skill level 1 in Translocations
  1047 | D:2      | Reached skill level 1 in Transmutations
  1047 | D:2      | Reached skill level 1 in Fire Magic
  1047 | D:2      | Reached skill level 1 in Ice Magic
  1047 | D:2      | Reached skill level 1 in Air Magic
  1047 | D:2      | Reached skill level 1 in Earth Magic
  1047 | D:2      | Reached skill level 1 in Poison Magic
  1227 | D:2      | Noticed Natasha
  1236 | D:2      | Killed Natasha
  1237 | D:2      | Reached XP level 5. HP: 25/43 MP: 5/7
  1766 | D:3      | Reached XP level 6. HP: 6/50 MP: 8/8
  2045 | D:3      | Found a glowing silver altar of Zin.
  2087 | D:3      | Found a faded altar of an unknown god.
  2256 | D:3      | Found an opulent altar of Gozag.
  2261 | D:3      | Found Gozag's Platinum Reserve.
  2313 | D:3      | Found Ycsa's Weapon Shop.
  2848 | D:4      | Reached skill level 5 in Fighting
  2848 | D:4      | Reached skill level 5 in Dodging
  2848 | D:4      | Reached skill level 5 in Unarmed Combat
  2870 | D:4      | Found Bopsuag's Antique Weapon Shoppe.
  3180 | D:4      | HP: 3/76 [adder (1)]
  3182 | D:4      | HP: 1/76 [adder (3)]
  3187 | D:4      | Reached XP level 7. HP: 2/56 MP: 10/10
  3580 | D:4      | Noticed a steam dragon
  3590 | D:4      | HP: 2/56 [steam dragon] (6)]
  3590 | D:4      | Slain by a steam dragon

Illustrated notes

Levels and vault maps discovered:
D:1:      onia_arrival_zoo_common, layout_basic, serial_glass, glass_columns_a,
          glass_columns_a, glass_columns_c, glass_columns_b, glass_columns_c,
          glass_columns_a
D:2:      layout_loops_ring, serial_shops, nicolae_lakefront_shop, uniq_natasha
D:3:      layout_basic, nicolae_gozag_zags_fifth_avenue, zin_treasury,
          shapermc_ecumenical_altar_starsandcircs, serial_shops,
          nicolae_shop_hallway_plus, kennysheep_small_spiral, minmay_pentangle
D:4:      layout_basic, serial_shops, shop, minmay_bent

Skill      XL: |  1  2  3  4  5  6 |
---------------+-------------------+-----
Short Blades   | 1 2 |  2.2
Long Blades    | 1 2 |  2.2
Axes           | 1 2 |  2.2
Maces & Flails | 1 2 |  2.2
Polearms       | 1 2 |  2.2
Staves         | 1 2 |  2.2
Ranged Weapons | 1 2 |  2.2
Throwing       | 1 2 |  2.2
Armour         | 1 2 |  2.2
Stealth        | 1 2 |  2.2
Shields        | 1 2 |  2.2
Spellcasting   | 1 2 |  2.2
Invocations    | 1 2 |  2.5
Evocations     | 1 2 |  2.2
Conjurations   | 1 |  1.8
Hexes          | 1 |  1.8
Summonings     | 1 |  1.8
Necromancy     | 1 |  1.8
Translocations | 1 |  1.8
Transmutations | 1 |  1.8
Fire Magic     | 1 |  1.8
Ice Magic      | 1 |  1.8
Air Magic      | 1 |  1.8
Earth Magic    | 1 |  1.8
Poison Magic   | 1 |  1.8
Fighting       | 5 |  5.1
Dodging        | 5 |  5.1
Unarmed Combat | 5 |  5.1
Shapeshifting  | |  6.8

Action                     |  1- 3 |  4- 6 |  7- 9 || total
---------------------------+-------+-------+-------++-------
  Melee: Unarmed           |    56 |   157 |     9 ||   222
         Bite              |     6 |    20 |     1 ||    27
         Punch             |       |     4 |       ||     4
    Use: Scroll            |     1 |       |       ||     1
         Potion            |       |     2 |       ||     2
 Armour: Animal skin       |     3 |       |       ||     3
         Ring mail         |     3 |       |       ||     3
         Chain mail        |       |    88 |     2 ||    90
         Skin              |       |    11 |       ||    11
  Dodge: Dodged            |    33 |    66 |     8 ||   107

Table legend: (Time is in decaauts)
 A = Elapsed time spent in this place.
 B = Non-inter-level travel time spent in this place.
 C = Inter-level travel time spent in this place.
 D = Time resting spent in this place.
 E = Time spent auto-exploring this place.
 F = Levels seen in this place.
 G = Mean time per level.
                   A        B        C        D        E       F      G
               +--------+--------+--------+--------+--------+-----+--------+
         Total |   3571 |   3483 |     88 |    663 |   2344 |   4 |  892.8 |
       Dungeon |   3571 |   3483 |     88 |    663 |   2344 |   4 |  892.8 |
               +--------+--------+--------+--------+--------+-----+--------+

Top non-repeatable levels by time:
     D:3: 1208 daAuts
     D:2: 999 daAuts
     D:4: 788 daAuts
     D:1: 575 daAuts
